 Dungeon Crawl Stone Soup version 0.31.0-12-g77e489cdc1 (webtiles) character file.

Game seed: 12024682197455386474

5014 Heoruswealwe the Thaumaturge (level 10, 0/50 HPs)
             Began as a Deep Elf Conjurer on Feb 20, 2024.
             Killed by divine providence
             ... invoked by an orc priest
              (15 damage)
             ... on level 8 of the Dungeon.
             The game lasted 01:18:58 (7401 turns).

Heoruswealwe the Thaumaturge (Deep Elf Conjurer)    Turns: 7401, Time: 01:18:58

Health: 0/50       AC:  9    Str:  7    XL:     10   Next: 30%
Magic:  26/30      EV: 12    Int: 28    God:
Gold:   575        SH:  0    Dex: 13    Spells: 9/37 levels left

rFire   . . .        b - staff of conjuration
rCold   . . .        (no shield)
rNeg    . . .        c - +2 robe of the Eggfruit {Fly Str+3 Archmagi}
rPois   .            g - +2 helmet
rElec   .            h - +0 cloak
rCorr   +            (no gloves)
SInv    .            e - +0 pair of boots
Will    +....        i - amulet of magic regeneration
Stlth   ++           k - ring of resist corrosion
HPRegen 0.28/turn    (no ring)
MPRegen 0.62/turn

%: archmagi
@: flying
A: no striking features
a: no special abilities


You were on level 8 of the Dungeon.
You visited 2 branches of the dungeon, and saw 9 of its levels.

You collected 575 gold pieces.

Inventory:

Hand Weapons
 a - the +6 dagger of Linearity {freeze, rPois rF+ Str-5 Int+6}
   (You found it on level 7 of the Dungeon)

   Str-5:     It affects your strength (-5).
   Int+6:     It affects your intelligence (+6).
   rF+:       It protects you from fire.
   rPois:     It protects you from poison
Armour
 c - the +2 robe of the Eggfruit (worn) {Fly Str+3 Archmagi}
   (You found it on level 2 of the Dungeon)

   Str+3:     It affects your strength (+3).
   Fly:       It grants you flight.
   Archmagi:  It increases the power of your magical spells.
 e - a +0 pair of boots (worn)
 g - a +2 helmet (worn)
 h - a +0 cloak (worn)
Magical Staves
 b - a staff of conjuration (weapon)
Jewellery
 i - an amulet of magic regeneration (around neck)
 k - a ring of resist corrosion (left hand)
Talismans
 s - a talisman of death
Wands
 v - a wand of flame (51)
 z - a wand of mindburst (11)
 C - a wand of polymorph (3)
Scrolls
 d - 2 scrolls of enchant armour
 f - 3 scrolls of teleportation
 l - 3 scrolls of revelation
 o - a scroll of acquirement
 w - a scroll of enchant weapon
 y - a scroll of amnesia {unknown}
 A - a scroll of silence {unknown}
 B - a scroll of noise {unknown}
Potions
 j - 2 potions of berserk rage {unknown}
 m - 2 potions of brilliance {unknown}
 n - a potion of curing {unknown}
 p - a potion of heal wounds {unknown}
 q - 2 potions of ambrosia {unknown}
 r - a potion of haste {unknown}
 t - 2 potions of magic
 u - a potion of degeneration {unknown}
 x - a potion of resistance {unknown}
 D - a potion of mutation {unknown}


   Skills:
 - Level 2.4 Dodging
 - Level 2.4 Stealth
 + Level 14.1 Spellcasting
 + Level 12.5 Conjurations


You had 9 spell levels left.
You knew the following spells:

 Your Spells              Type           Power      Damage    Failure   Level
a - Magic Dart            Conj           100%       1d8       0%          1
b - Shock                 Conj/Air       100%       1d9       1%          1
c - Searing Ray           Conj           100%       2d8       1%          2
d - Static Discharge      Conj/Air       100%       3-8/arc   1%          2
e - Iskenderun's Mystic   Conj/Tloc      89%        2d17      1%          4
f - Fulminant Prism       Conj/Alch      44%        3d19      1%          4
g - Arcjolt               Conj/Air       44%        1d54      5%          5
h - Fire Storm            Conj/Fire      44%        8d11      100%        9

Your spell library contained the following spells:

 Spells                   Type           Power      Damage    Failure   Level
 Swiftness                Air            29%        N/A       8%          3
 Airstrike                Air            14%        2d(3-19)  26%         4
 Ignite Poison            Fire/Alch      29%        N/A       26%         4
 Manifold Assault         Tloc           29%        N/A       26%         4
 Dispersal                Tloc           14%        N/A       99%         6
 Sculpt Simulacrum        Ice/Alch       14%        N/A       99%         6
 Ozocubu's Refrigeration  Ice            14%        4d10      100%        7
 Disjunction              Tloc           14%        N/A       100%        8
 Polar Vortex             Ice            14%        12d1*     100%        9


Dungeon Overview and Level Annotations

Branches:
Dungeon (8/15)             Temple (1/1) D:7
   Lair: D:8-11

Altars:
Ashenzari
Cheibriados
Dithmenos
Fedhas
Gozag
Hepliaklqana
Kikubaaqudgha
Makhleb
Nemelex Xobeh
Okawaru
Qazlal
Ru
Sif Muna
Trog
Uskayaw
Wu Jian
Yredelemnul
Zin
The Shining One

Shops:
D:8 =


Message History

Your fulminant prism resists.
The bolt of electricity hits you!
Your fulminant prism crackles loudly.
The electric eel shoots out a bolt of lightning at you!
The bolt of electricity hits your fulminant prism.
Your fulminant prism resists.
The bolt of electricity hits you.
Your fulminant prism explodes!
The blast of energy engulfs the electric eel!!
You kill the electric eel!
You see here a +0 short sword.
D - a black potion You see here a +0 short sword.
An orc priest comes into view. It is wielding a +0 whip.
Found a twisted iron ring.
The orc priest shouts!
The orc priest moves out of view.
The orc priest calls down the wrath of Beogh upon you.
Beogh smites you!
The orc priest calls down the wrath of Beogh upon you.
Beogh smites you!
* * * LOW HITPOINT WARNING * * *
Casting: Fulminant Prism (dangerous; 1% risk of failure)
Confirm with . or Enter, or press ? or * to list all spells.
Aiming: Fulminant Prism (dangerous; 1% risk of failure)
Press: ? - help, Dir - move target You feel a strong surge of power!
You conjure a prism of explosive energy!
A fulminant prism comes into view.
You are too injured to fight recklessly!
Casting: Fulminant Prism (dangerous; 1% risk of failure)
Confirm with . or Enter, or press ? or * to list all spells.
Aiming: Magic Dart (safe; 0% risk of failure)
Press: ? - help, Shift-Dir - straight line, f - orc priest
Aim: an orc priest, wielding a +0 whip and wearing a +0 ring mail (ally target, 100% to hit)
You feel a strong surge of power!
The magic dart hits the orc priest but does no damage.
The orc priest calls down the wrath of Beogh upon you.
Beogh smites you!
You die...

#...##...≈.≈# ##.....)..≈.≈#.
+...).....≈.≈.. #.......o......
#...)..*..<.... ##
######..###..#####.
#.####..###).###..##.###
..........)...#.........
...†..........#.@....... ######
..............#=..>..... #...#.
..##'#####...########... #...<.
# ##...###?..###..###... #.....
#.................# .. #.....
#.................# #.....
#.................# #.....
##.................# +.....
#....)##'######.###########.....


You could see an orc priest (ally target) and a friendly fulminant prism.

Vanquished Creatures
  Pikel (D:6)
  Maurice (D:8)
  Maggie (D:6)
  A troll (D:6)
  Sigmund (D:6)
  6 yaks (D:6)
  A steam dragon (D:6)
  Edmund (D:6)
  A water moccasin (D:7)
  A sky beast (D:4)
  2 black bears
  An ice beast (D:6)
  An orc warrior (D:8)
  2 centaurs
  2 ogres
  4 lemures (D:6)
  2 phantoms
  A kobold brigand (D:7)
  A bullfrog (D:8)
  3 scorpions
  3 wights (D:7)
  An electric eel (D:8)
  An oklob sapling (D:7)
  2 howler monkeys
  A bombardier beetle (D:5)
  2 jellies
  2 orc priests (D:6)
  4 hounds
  Crazy Yiuf (D:6)
  2 iguanas (D:5)
  4 orc wizards
  11 gnolls
  7 adders
  A white imp (D:7)
  4 ufetubi (D:5)
  2 dart slugs
  3 ribbon worms
  25 orcs
  4 ball pythons
  4 bats
  5 endoplasms
  2 giant cockroaches
  7 goblins
  4 hobgoblins
  8 jackals
  13 kobolds
  6 quokkas
  3 frilled lizards
  19 rats
185 creatures vanquished.

Vanquished Creatures (others)
  2 fulminant prisms
2 creatures vanquished.

Grand Total: 187 creatures vanquished

Notes
Turn   | Place    | Note
-------+----------+-------------------------------------------
     0 | D:1      | Heoruswealwe the Deep Elf Conjurer began the quest for the
                  | Orb.
     0 | D:1      | Reached XP level 1. HP: 10/10 MP: 6/6
   347 | D:1      | Reached XP level 2. HP: 15/15 MP: 4/8
   350 | D:1      | Learned a level 2 spell: Searing Ray
   391 | D:1      | Found a faded altar of an unknown god.
   728 | D:2      | Reached skill level 4 in Spellcasting
   846 | D:2      | Learned a level 1 spell: Shock
   862 | D:2      | Reached XP level 3. HP: 19/19 MP: 8/10
   921 | D:2      | Reached skill level 5 in Conjurations
   943 | D:2      | Identified the +2 robe of the Eggfruit {Fly Str+3 Archmagi}
  1199 | D:2      | Reached XP level 4. HP: 24/24 MP: 4/12
  1523 | D:2      | Reached skill level 5 in Spellcasting
  1538 | D:2      | Learned a level 4 spell: Fulminant Prism
  1543 | D:2      | Learned a level 4 spell: Iskenderun's Mystic Blast
  1719 | D:3      | Found a hide-covered altar of Uskayaw.
  2086 | D:3      | Noticed a scorpion
  2088 | D:3      | Killed a scorpion
  2089 | D:3      | Reached XP level 5. HP: 28/28 MP: 11/15
  2174 | D:3      | Found a glowing golden altar of the Shining One.
  2438 | D:4      | Found a hazy altar of Hepliaklqana.
  2792 | D:4      | Found a stormy altar of Qazlal.
  2792 | D:4      | Noticed a sky beast
  2799 | D:4      | Killed a sky beast
  2800 | D:4      | Reached skill level 6 in Spellcasting
  2800 | D:4      | Reached XP level 6. HP: 24/32 MP: 7/17
  3141 | D:4      | Found a snail-covered altar of Cheibriados.
  3141 | D:4      | Found a glowing silver altar of Zin.
  3589 | D:5      | Entered Level 5 of the Dungeon
  3596 | D:5      | Reached skill level 7 in Spellcasting
  4010 | D:5      | Identified a scroll of acquirement
  4062 | D:5      | Reached XP level 7. HP: 29/36 MP: 14/19
  4113 | D:5      | Reached skill level 8 in Spellcasting
  4723 | D:6      | Noticed a steam dragon
  4729 | D:6      | Killed a steam dragon
  4730 | D:6      | Reached skill level 9 in Spellcasting
  4730 | D:6      | Reached XP level 8. HP: 15/41 MP: 19/23
  4862 | D:6      | Noticed Edmund
  4872 | D:6      | Killed Edmund
  5071 | D:6      | Noticed Pikel
  5091 | D:6      | Killed Pikel
  5092 | D:6      | Reached skill level 10 in Spellcasting
  5217 | D:6      | Reached skill level 11 in Spellcasting
  5217 | D:6      | Reached skill level 10 in Conjurations
  5220 | D:6      | Reached XP level 9. HP: 7/45 MP: 16/26
  5412 | D:6      | Reached skill level 12 in Spellcasting
  5490 | D:6      | Noticed Sigmund
  5498 | D:6      | Killed Sigmund
  5618 | D:6      | Noticed Maggie
  5640 | D:6      | Killed Maggie
  5641 | D:6      | Reached skill level 13 in Spellcasting
  5831 | D:6      | Found a runed translucent door.
  5836 | D:6      | Noticed Crazy Yiuf
  5840 | D:6      | Killed Crazy Yiuf
  6004 | D:6      | Noticed a troll
  6010 | D:6      | Killed a troll
  6403 | D:7      | Found a sacrificial altar of Ru.
  6416 | D:7      | Got the Omnibus of the Storm and Flames
  6420 | D:7      | Learned a level 2 spell: Static Discharge
  6426 | D:7      | Learned a level 5 spell: Arcjolt
  6436 | D:7      | Learned a level 9 spell: Fire Storm
  6602 | D:7      | Reached XP level 10. HP: 50/50 MP: 22/29
  6971 | D:7      | Found a blossoming altar of Fedhas.
  7015 | D:7      | Found a staircase to the Ecumenical Temple.
  7038 | D:7      | Identified the +6 dagger of Linearity {freeze, rPois rF+
                  | Str-5 Int+6}
  7094 | Temple   | Entered the Ecumenical Temple
  7163 | D:8      | Noticed Maurice
  7173 | D:8      | Killed Maurice
  7174 | D:8      | Reached skill level 14 in Spellcasting
  7384 | D:8      | Found Viep's Jewellery Shoppe.
  7401 | D:8      | Killed from afar by an orc priest

Illustrated notes

Levels and vault maps discovered:
D:1:      eino_arrival_cavern_e, layout_basic, shapermc_ecumenical_altar_ellora,
          hangedman_feature_mirror
D:2:      layout_loops_ring
D:3:      layout_rooms, mainiacjoe_overflow_six_doors_small,
          mainiacjoe_overflow_24_doors, columned_hall_lemuel, minmay_rat_hole
D:4:      layout_layer_cave, nicolae_overflow_two_pavilions,
          worldfamousw_hep_ancestral_shrine, nicolae_qazlal_beasts_of_the_sky,
          minivault_25
D:5:      layout_loops_ring, kennysheep_minor_cross, mrwooster_statue_mirror,
          minmay_bent
D:6:      layout_loops_ring, uniq_edmund, uniq_crazy_yiuf_cottage, uniq_sigmund,
          uniq_maggie, uniq_pikel
D:7:      layout_loops_ring, kennysheep_mini_moat,
          nicolae_ru_sacrificial_ziggurat, minmay_temple_entry_oklob,
          grunt_decor_cap, serial_bayou_crossing
D:8:      layout_gridville, serial_shops, nicolae_shop_peninsula,
          lightli_minifort, uniq_psyche, uniq_maurice
Temple:   nicolae_temple_ecumenical_triangle

Skill      XL: |  1  2  3  4  5  6  7  8  9 10 |
---------------+-------------------------------+-----
Spellcasting   | 4 5 6 7 9 11 13 14 | 14.1
Conjurations   | 5 6 7 8 10 11 12 | 12.5
Dodging        | |  2.4
Stealth        | |  2.4

Action                     |  1- 3 |  4- 6 |  7- 9 | 10-12 || total
---------------------------+-------+-------+-------+-------++-------
  Melee: Unarmed           |    11 |    23 |       |       ||    34
         Staff             |       |       |    18 |    15 ||    33
   Cast: Magic Dart        |    46 |   106 |    68 |    62 ||   282
         Searing Ray       |     2 |     9 |    28 |     1 ||    40
         Shock             |     1 |     1 |     1 |       ||     3
         Iskenderun's Myst |       |       |    22 |    12 ||    34
         Fulminant Prism   |       |       |       |     3 ||     3
    Use: Scroll            |       |     8 |     2 |     1 ||    11
 Armour: Robe              |    11 |    40 |    48 |     9 ||   108
  Dodge: Dodged            |    13 |    52 |    37 |     9 ||   111
